 Dungeon Crawl Stone Soup version 0.25.1-2-g60ff931df9 (webtiles) character file.

Game seed: 17166989663450565008

667 Martska the Skirmisher (level 7, -1/66 HPs)
             Began as a Naga Fighter on Aug 15, 2020.
             Was an Initiate of Cheibriados.
             Shot with an arrow by a centaur (4 damage)
             ... on level 5 of the Dungeon.
             The game lasted 00:08:50 (5183 turns).

Martska the Skirmisher (Naga Fighter)               Turns: 5183, Time: 00:08:52

Health: -1/66      AC:  7    Str: 19    XL:     7   Next: 57%
Magic:  9/9        EV:  6    Int: 11    God:    Cheibriados [......]
Gold:   208        SH:  9    Dex: 12    Spells: 9/9 levels left

rFire    x . .     SeeInvis +   a - +0 trident
rCold    + . .     Gourm    .   c - +0 kite shield
rNeg     . . .     Faith    .   b - +0 scale mail
rPois    +         Spirit   .   (no helmet)
rElec    .         Reflect  .   k - +0 cloak
rCorr    .         Harm     .   (no gloves)
MR       .....                  (no barding)
Stlth    ..........             (no amulet)
HPRegen  0.21/turn              j - ring of ice
MPRegen  0.11/turn              (no ring)

@: very slow
A: large, see invisible, deformed body, poison resistance, slowness 2, slow
metabolism 1, spit poison 1, AC +2
a: Spit Poison, Bend Time, Renounce Religion


You were on level 5 of the Dungeon.
You worshipped Cheibriados.
Cheibriados was noncommittal.
You were not hungry.

You visited 2 branches of the dungeon, and saw 6 of its levels.

You collected 208 gold pieces.

Inventory:

Hand Weapons
 a - a +0 trident (weapon)
Armour
 b - a +0 scale mail (worn)
 c - a +0 kite shield (worn)
 k - a +0 cloak (worn)
Jewellery
 j - a ring of ice (left hand)
Wands
 r - a wand of flame (12)
 w - a wand of clouds (3)
Scrolls
 e - 3 scrolls of remove curse
 g - a scroll of noise
 h - a scroll of enchant armour {unknown}
 i - 2 scrolls of blinking {unknown}
 m - a scroll of teleportation
 n - a scroll of fog {unknown}
 q - 2 scrolls of enchant weapon {unknown}
 v - a scroll of fear {unknown}
Potions
 d - a potion of brilliance {unknown}
 l - a potion of stabbing {unknown}
 o - a potion of flight
 p - 2 potions of mutation
 s - 2 potions of curing
 t - 2 potions of lignification
 u - a potion of cancellation {unknown}
 x - a potion of ambrosia {unknown}
Comestibles
 f - 2 rations


   Skills:
 * Level 4.8 Fighting
 * Level 4.1 Polearms
 + Level 3.3 Armour
 * Level 2.7 Dodging
 + Level 3.2 Shields
 + Level 1.8 Spellcasting
 * Level 1.2 Invocations


You had 9 spell levels left.
You didn't know any spells.
Your spell library was empty.

Dungeon Overview and Level Annotations

Branches:
Dungeon (5/15)             Temple (1/1) D:4

Altars:
Cheibriados
Elyvilon
Gozag
Kikubaaqudgha
Okawaru
Qazlal
Uskayaw
Vehumet
Wu Jian
Zin


Innate Abilities, Weirdness & Mutations

You cannot wear boots.
Your serpentine skin is tough. (AC +2)
You have supernaturally acute eyesight. (SInv)
Armour fits poorly on your strangely shaped body.
Your system is resistant to poisons. (rPois)
You cover ground very slowly.
You have a slow metabolism.
You can spit poison.


Message History

The centaur shoots an arrow.
The arrow hits you.
Attack whom?
Press: ? - help, Dir - move target cursor, f/p - centaur
Aim: a centaur, wielding a +0 shortbow, wearing a +0 robe, wearing an uncursed ring of positive energy and quivering 8 arrows (severely wounded, poisoned)
You reach to attack!
You hit the centaur but do no damage.
The centaur is severely wounded.
The centaur shoots an arrow.
The arrow hits you!
The centaur shoots an arrow.
The arrow hits you.
* * * LOW HITPOINT WARNING * * *
Attack whom?
Press: ? - help, Dir - move target cursor, f/p - centaur
Aim: a centaur, wielding a +0 shortbow, wearing a +0 robe, wearing an uncursed ring of positive energy and quivering 6 arrows (severely wounded, poisoned)
You reach to attack!
Your shield and scale mail prevent you from hitting the centaur.
The centaur is severely wounded.
You have got your breath back.
The centaur shoots an arrow.
The arrow hits you!
* * * LOW HITPOINT WARNING * * *
The centaur shoots an arrow.
The arrow hits you.
You die...

### ### #..
...####
#.##.......
#........##
#......c...
#.. .....
#.# ...#
####@##...#
#.....c...#
#.##.######
#.##.#
#.##.#
#.)..#
#..### #..#
#..#


You could see a centaur (poisoned).

Vanquished Creatures
  Eustachio (D:4)
  A phantom (D:4)
  A centaur (D:5)
  Blork the orc (D:4)
  2 orc wizards (D:4)
  An iguana (D:3)
  A worker ant (D:5)
  A gnoll (D:2)
  A howler monkey skeleton (D:4)
  7 adders
  An adder skeleton (D:4)
  3 worms
  2 dart slugs
  3 leopard geckos
  11 orcs
  2 giant cockroaches
  5 goblins
  7 hobgoblins
  7 jackals
  6 kobolds
  2 quokkas (D:2)
  3 ball pythons
  7 bats
  5 frilled lizards
  A jackal zombie (D:5)
  7 rats
89 creatures vanquished.

Notes
Turn   | Place    | Note
-------+----------+-------------------------------------------
     0 | D:1      | Martska the Naga Fighter began the quest for the Orb.
     0 | D:1      | Reached XP level 1. HP: 21/21 MP: 1/1
   345 | D:1      | Reached XP level 2. HP: 28/28 MP: 2/2
   713 | D:2      | Reached XP level 3. HP: 8/34 MP: 3/3
  1022 | D:2      | Reached skill level 1 in Dodging
  1363 | D:2      | Reached XP level 4. HP: 42/42 MP: 3/5
  1633 | D:2      | Found an ornate altar of the Wu Jian Council.
  2213 | D:3      | Found an iron altar of Okawaru.
  2283 | D:3      | Reached XP level 5. HP: 27/50 MP: 6/6
  2619 | D:3      | Reached skill level 1 in Spellcasting
  3196 | D:4      | Noticed a phantom
  3247 | D:4      | Killed a phantom
  3247 | D:4      | Reached XP level 6. HP: 31/57 MP: 7/7
  3435 | D:4      | Noticed Eustachio
  3461 | D:4      | Killed Eustachio
  3690 | D:4      | Reached XP level 7. HP: 33/66 MP: 9/9
  3969 | D:4      | Found a staircase to the Ecumenical Temple.
  4042 | Temple   | Entered the Ecumenical Temple
  4075 | Temple   | Became a worshipper of Cheibriados the Contemplative
  4370 | D:4      | Noticed Blork the orc
  4379 | D:4      | Killed Blork the orc
  4642 | D:5      | Entered Level 5 of the Dungeon
  4887 | D:5      | Reached skill level 1 in Invocations
  5183 | D:5      | HP: 3/66 [centaur/arrow (16)]
  5183 | D:5      | Shot with an arrow by a centaur

Illustrated notes

Levels and vault maps discovered:
D:1:      lordsloth_arrival_two_stooges, layout_basic
D:2:      minmay_inner_zag, layout_basic, nicolae_overflow_hidden_temple,
          moated_statue, chequers_serial_rivers_room_a
D:3:      layout_basic, first_ration, grunt_decor_cap, okawaru_ov_weapons_minmay
D:4:      layout_cave_pods, minmay_temple_entry_junction_2, uniq_blork_the_orc,
          uniq_eustachio
D:5:      layout_loops_ring, hangedman_decor_peaks_small, chequers_big_river,
          lemuel_altar_in_water
Temple:   nicolae_temple_elliptical

Skill      XL: |  1  2  3  4  5  6  7 |
---------------+----------------------+-----
Dodging        | 1 2 |  2.7
Polearms       | 3 4 |  4.1
Spellcasting   | 1 |  1.8
Fighting       | 4 |  4.8
Armour         | 3 |  3.3
Shields        | 3 |  3.2
Invocations    | 1 |  1.2

Action                   |  1- 3 |  4- 6 |  7- 9 || total
-------------------------+-------+-------+-------++-------
Melee: Trident           |    92 |   227 |    82 ||   401
Invok: Bend Time         |       |       |     1 ||     1
 Abil: Spit Poison       |     6 |    11 |     5 ||    22
  Use: Scroll            |       |     4 |     5 ||     9
       Potion            |       |     1 |       ||     1
  Eat: Chunk             |     1 |     3 |     1 ||     5
       Ration            |       |     1 |     2 ||     3
Armor: Scale mail        |    36 |    82 |    52 ||   170
Dodge: Dodged            |    22 |    56 |    24 ||   102
Block: Kite shield       |    42 |   113 |    42 ||   197
